 Dungeon Crawl Stone Soup version 0.17-a0-1941-gcc30b76 (webtiles) character file.

690 Kusio the Basher (level 7, -15/70 HPs)
             Began as an Ogre Berserker on Sept 30, 2015.
             Was a Priest of Trog.
             Demolished by an orc warrior
             ... wielding a +0 war axe
              (21 damage)
             ... in a bailey.
             The game lasted 00:11:58 (3483 turns).

Kusio the Basher (Ogre Berserker)                   Turns: 3483, Time: 00:11:59

Health: -15/70     AC:  4    Str: 23      XL:     7   Next: 63%
Magic:  7/7        EV: 10    Int:  6      God:    Trog [***...]
Gold:   146        SH:  0    Dex:  9 (11) Spells: 0 memorised, 6 levels left

rFire  . . .     SeeInvis .     a - +1 mace
rCold  . . .     Clarity  .     b - +1 animal skin
rNeg   . . .     SustAt   .     (no shield)
rPois  .         Gourm    .     (helmet restricted)
rElec  .         Spirit   .     (no cloak)
rCorr  .         Warding  .     (gloves unavailable)
rMut   .         Rnd*Tele +     (boots unavailable)
MR     .....                    (no amulet)
Stlth  +.........               (no ring)
                                v - ring of teleportation (curse)

@: exhausted, slowed, very slow, not resistant to hostile enchantments, very
unstealthy
A: unfitting armour, tough skin 1
a: Burn Spellbooks, Berserk, Trog's Hand, Renounce Religion, Evoke Teleportation


You were in a bailey.
You worshipped Trog.
Trog was most pleased with you.
You were not hungry.

You visited 1 branch of the dungeon, and saw 6 of its levels.
You also visited: Bailey.

You collected 146 gold pieces.

Inventory:

Hand weapons
 a - a +1 mace (weapon)
 h - a +0 giant spiked club
Armour
 b - a +1 animal skin (worn)
Jewellery
 v - a cursed ring of teleportation (left hand)
Scrolls
 d - 2 scrolls of amnesia
 r - a scroll of noise
Potions
 f - 2 potions of lignification
 g - a potion of brilliance
 p - a potion of magic
 q - 2 potions of flight
 u - a potion of curing
Comestibles
 c - 3 bread rations


   Skills:
 - Level 4.0 Fighting
 + Level 11.2 Maces & Flails
 - Level 2.6 Dodging


You had 6 spell levels left.
You didn't know any spells.

Dungeon Overview and Level Annotations

Branches:
Dungeon (7/15)
 Temple: D:4-7

Altars:
Fedhas
Makhleb
Nemelex Xobeh
Vehumet
Yredelemnul
Zin


Innate Abilities, Weirdness & Mutations

You are too large for most types of armour.
You have tough skin (AC +1).


Message History

The orc warrior goes into a battle-frenzy!
The orc knight hits you with a war axe.
* * * LOW HITPOINT WARNING * * *
The gnoll barely misses you.
The orc warrior hits you with a war axe!
* * * LOW HITPOINT WARNING * * *
The gnoll hits you with a hand axe.
* * * LOW HITPOINT WARNING * * *
An orc warrior comes into view. It is wielding a hand axe.
You barely miss the orc knight.
The orc knight is severely wounded.
The goblin hits you but does no damage.
You thump the orc knight!
The orc knight is almost dead.
You are no longer berserk.
You are exhausted.
You feel yourself slow down.
The sentinel's mark upon you fades away.
The orc warrior hits you with a war axe!!
You die...

.≈o≈K
#≈.≈#
K≈.≈K
≈o≈
≈g≈
##g##


#oog# #g@g# #^∩o# ##### You could see an orc knight, 4 orc warriors, 4 gnolls, a
goblin and 3 kobolds.

Vanquished Creatures
  Sigmund (D:4)
  A phantom (D:5)
  An ogre (D:5)
  2 scorpions (D:5)
  A hound (D:4)
  An orc wizard (D:3)
  2 worker ants
  Robin (D:2)
  3 adders
  3 gnolls (D:3)
  A shadow imp (D:5)
  An ooze (D:1)
  2 worms (D:2)
  2 giant geckos (D:2)
  7 orcs
  A ball python (D:1)
  4 giant cockroaches
  2 gnoll zombies (D:2)
  18 goblins
  7 hobgoblins
  4 jackals (D:1)
  5 bats
  5 giant newts
  10 kobolds
  7 rats
92 creatures vanquished.

Notes
Turn   | Place    | Note
--------------------------------------------------------------
     0 | D:1      | Kusio the Ogre Berserker began the quest for the Orb.
     0 | D:1      | Reached XP level 1. HP: 24/24 MP: 1/1
    47 | D:1      | Reached XP level 2. HP: 24/32 MP: 2/2
   193 | D:1      | Reached skill level 5 in Maces & Flails
   599 | D:2      | Reached XP level 3. HP: 32/39 MP: 3/3
   650 | D:2      | Found a glowing silver altar of Zin.
   729 | D:2      | Acquired Trog's second power
   787 | D:2      | Reached skill level 6 in Maces & Flails
   828 | D:2      | Noticed Robin
   858 | D:2      | Killed Robin
   858 | D:2      | Reached XP level 4. HP: 43/48 MP: 4/4
  1157 | D:2      | Found a basalt altar of Yredelemnul.
  1659 | D:3      | Reached skill level 7 in Maces & Flails
  1732 | D:3      | Reached XP level 5. HP: 47/54 MP: 5/5
  1942 | D:3      | Reached skill level 8 in Maces & Flails
  2233 | D:4      | Found a sparkling altar of Nemelex Xobeh.
  2347 | D:4      | Found a radiant altar of Vehumet.
  2382 | D:4      | Found a blossoming altar of Fedhas.
  2410 | D:4      | Noticed Sigmund
  2419 | D:4      | Killed Sigmund
  2419 | D:4      | Reached skill level 9 in Maces & Flails
  2419 | D:4      | Reached XP level 6. HP: 62/62 MP: 6/6
  2645 | D:4      | Found a burning altar of Makhleb.
  2739 | D:5      | Entered Level 5 of the Dungeon
  2838 | D:5      | Reached skill level 10 in Maces & Flails
  2838 | D:5      | Reached XP level 7. HP: 49/70 MP: 7/7
  3329 | D:5      | Reached skill level 11 in Maces & Flails
  3381 | D:5      | You fall through a shaft for 2 floors!
  3426 | D:7      | Found a flagged portal.
  3443 | Bailey   | Entered a bailey
  3466 | Bailey   | Noticed an orc knight
  3483 | Bailey   | Demolished by an orc warrior

Vault maps used:
D:1:      lightli_arrival_flooded_house, corexii_hall_statues_s
D:2:      lemuel_zombie_altar_yredelemnul, lemuel_coloured_pillars_altar,
          uniq_robin
D:3:      serial_corexii_hall, corexii_hall_statues_u, corexii_hall_statues_u
D:4:      nicolae_overflow_crystal_walls, nemelex_xobeh_ov_fountains_minmay,
          old_standard_altar, first_bread, makhleb_heckhound_becter,
          uniq_sigmund
D:5:      lemuel_crystal_altar
D:7:      enter_bailey_3, the_bakery, hangedman_decor_riveting
Bailey:   bailey_axe_1, bailey

Action                   |  1- 3 |  4- 6 |  7- 9 || total
-------------------------+-------+-------+-------++-------
Melee: Mace              |    82 |   188 |    62 ||   332
Invok: Berserk           |     1 |     2 |     3 ||     6
  Use: Scroll            |       |    15 |     1 ||    16
       Potion            |       |     2 |     2 ||     4
 Stab: Sleeping          |       |     1 |       ||     1
  Eat: Chunk             |       |     8 |       ||     8
       Fruit             |       |     3 |       ||     3
       Meat ration       |       |       |     1 ||     1
